 Dungeon Crawl Stone Soup version 0.26.0-18-gc5c842f807 (webtiles) character file.

Game seed: 16048048705503974036

44 Gadfly the Chopper (level 3, 27/29 HPs)
             Began as a Demonspawn Monk on Jan 23, 2021.
             Quit the game on level 2 of the Dungeon.
             The game lasted 00:01:59 (1048 turns).

Gadfly the Chopper (Demonspawn Monk)                Turns: 1048, Time: 00:01:59

Health: 27/29      AC:  5    Str: 12    XL:     3   Next: 41%
Magic:  3/3        EV: 11    Int: 11    God:
Gold:   95         SH:  5    Dex: 15    Spells: 2/2 levels left

rFire    . . .     SeeInvis .   b - +1 whip (venom)
rCold    . . .     Faith    .   (no shield)
rNeg     . . .     Spirit   .   d - +0 ring mail
rPois    .         Reflect  +   (helmet restricted)
rElec    .         Harm     .   (no cloak)
rCorr    .         Rampage  .   (no gloves)
Will     .....                  (no boots)
Stlth    +.........             h - amulet of reflection
HPRegen  0.09/turn              (no ring)
MPRegen  0.08/turn              (no ring)

@: no status effects
A: antennae 1, claws 1
a: no special abilities


You were on level 2 of the Dungeon.
You visited 1 branch of the dungeon, and saw 2 of its levels.

You collected 95 gold pieces.

Inventory:

Hand Weapons
 a - a +0 hand axe
 b - a +1 whip of venom (weapon)
Armour
 d - a +0 ring mail (worn)
Jewellery
 h - an amulet of reflection (around neck)
Scrolls
 f - a scroll of teleportation
 g - 2 scrolls of remove curse
Potions
 c - a potion of cancellation {unknown}
 e - a potion of resistance {unknown}


   Skills:
 - Level 3.0 Fighting
 * Level 3.4 Axes
 * Level 1.8 Armour
 - Level 2.6 Dodging
 - Level 1.7 Stealth


You had 2 spell levels left.
You didn't know any spells.
Your spell library was empty.

Dungeon Overview and Level Annotations

Branches:
Dungeon (2/15)

Altars:


Innate Abilities, Weirdness & Mutations

You have a pair of small antennae on your head.
You have sharp fingernails.


Message History

No target in view!
No target in view!
No target in view!
No target in view!
No target in view!
No target in view!
No target in view!
No target in view!
No target in view!
A kobold comes into view.
The kobold moves out of view.
You now have 95 gold pieces (gained 11).
A frilled lizard comes into view.
The frilled lizard hisses angrily.
A frilled lizard is nearby!
A frilled lizard is nearby!
You closely miss the frilled lizard. The frilled lizard bites you.
You miss the frilled lizard. The frilled lizard barely misses you.
You closely miss the frilled lizard. You block the frilled lizard's attack.
Are you sure you want to abandon this character and quit the game? (Confirm with "yes".)

.##.#.. .##.#.#
#...... .##.#.#
#.....# #
.##.#.#######
#.....#.
.##.........# #......
.##.........# #....#
.##.........# #....#
)##.........# #l...#
.##.........# #@...#
............####....#
#...#+#.........<...#
#...#.#.########....#
††..#.#.# #....#
.##.#.#.# . .....#
.#..#(#.#.# #.#..#
..........# .....#
..........# .....#


You could see a frilled lizard.

Vanquished Creatures
  An adder (D:2)
  A dart slug (D:1)
  2 leopard geckos
  3 giant cockroaches
  2 hobgoblins (D:1)
  A quokka (D:2)
  A ball python (D:2)
  6 bats
  2 frilled lizards (D:1)
  3 goblins (D:1)
  3 kobolds
  8 rats
33 creatures vanquished.

Vanquished Creatures (others)
  A plant (D:2)
1 creature vanquished.

Grand Total: 34 creatures vanquished

Notes
Turn   | Place    | Note
-------+----------+-------------------------------------------
     0 | D:1      | Gadfly the Demonspawn Monk began the quest for the Orb.
     0 | D:1      | Reached XP level 1. HP: 18/18 MP: 1/1
   230 | D:1      | Reached skill level 1 in Armour
   230 | D:1      | Gained mutation: You have a pair of small antennae on your
                  | head. [demonic ancestry]
   230 | D:1      | Reached XP level 2. HP: 24/24 MP: 2/2
   910 | D:2      | Gained mutation: You have sharp fingernails. [demonic
                  | ancestry]
   910 | D:2      | Reached XP level 3. HP: 27/29 MP: 3/3
  1048 | D:2      | Quit the game

Illustrated notes

Levels and vault maps discovered:
D:1:      amcnicky_arrival_single_pillar, layout_basic, st_stairs_12,
          glass_columns_b
D:2:      layout_basic, corexii_shack, minmay_domino_4

Skill      XL: |  1 |
---------------+----+-----
Axes           | 3 |  3.4
Armour         | 1 |  1.8
Fighting       | |  3.0
Dodging        | |  2.6
Stealth        | |  1.7

Action                   || total
-------------------------++-------
Melee: Whip              ||   105
       Hand axe          ||     1
  Use: Scroll            ||     3
 Stab: Sleeping          ||     2
Armor: Ring mail         ||    45
       Robe              ||     1
Dodge: Dodged            ||    65
Block: Other             ||    18
